 Dungeon Crawl Stone Soup version 0.30-a0-652-gcc886f7154 (webtiles) character file.

Game seed: 4949927890416810410

410 OTABOTABOTAB the Skirmisher (level 6, 0/56 HPs)
             Began as a Gnoll Hunter on Jan 18, 2023.
             Killed by divine providence
             ... invoked by an orc priest
              (10 damage)
             ... on level 4 of the Dungeon.
             The game lasted 00:03:36 (2973 turns).

OTABOTABOTAB the Skirmisher (Gnoll Hunter)          Turns: 2973, Time: 00:03:37

Health: 0/56       AC:  8    Str: 10    XL:     6   Next: 89%
Magic:  9/9        EV: 14    Int:  8    God:
Gold:   193        SH:  0    Dex: 18    Spells: 9/9 levels left

rFire   + . .      SeeInvis .    a - +0 shortbow
rCold   . . .      Faith    .    (shield currently unavailable)
rNeg    . . .      Spirit   .    c - +0 leather armour
rPois   .          Reflect  .    m - +2 helmet
rElec   .          Harm     .    h - +0 cloak
rCorr   .          Rampage  .    (no gloves)
Will    .....                    (no boots)
Stlth   ++                       (no amulet)
HPRegen 0.29/turn                F - ring of protection from fire {rF+, !d}
MPRegen 0.11/turn                (no ring)

@: mighty
A: fangs 1, strong nose, distributed training, iridescent scales 1, deformed
body, robust 1
a: no special abilities


You were on level 4 of the Dungeon.
You visited 1 branch of the dungeon, and saw 4 of its levels.

You collected 193 gold pieces.

Inventory:

Hand Weapons
 a - a +0 shortbow (weapon)
Missiles
 n - 6 poisoned darts
 s - 20 stones
Armour
 c - a +0 leather armour (worn)
 h - a +0 cloak (worn)
   (You found it on level 2 of the Dungeon)
 m - a +2 helmet (worn)
   (You found it on level 3 of the Dungeon)
Jewellery
 F - a ring of protection from fire (left hand) {rF+, !d}
   (You found it on level 2 of the Dungeon)
Wands
 i - a wand of iceblast (6)
   (You found it on level 2 of the Dungeon)
 q - a wand of flame (9)
   (You found it on level 3 of the Dungeon)
Scrolls
 b - 2 scrolls of teleportation {unknown}
 d - 3 scrolls of blinking {unknown}
 e - 2 scrolls of noise {unknown}
 f - 8 scrolls of identify {unknown}
 g - 3 scrolls of enchant armour {unknown}
 K - a scroll of immolation {!r}
Potions
 j - 2 potions of cancellation {unknown}
 l - a potion of heal wounds {unknown}
 o - a potion of flight {unknown}
 p - a potion of lignification {unknown}


   Skills:
 + Level 5.1 Fighting
 + Level 2.2 Short Blades
 + Level 2.2 Long Blades
 + Level 2.2 Axes
 + Level 2.2 Maces & Flails
 + Level 2.2 Polearms
 + Level 2.2 Staves
 + Level 8.8 Ranged Weapons
 + Level 2.2 Throwing
 + Level 2.2 Armour
 + Level 5.1 Dodging
 + Level 3.3 Stealth
 + Level 2.2 Shields
 + Level 2.2 Unarmed Combat
 + Level 2.2 Spellcasting
 + Level 1.8 Conjurations
 + Level 1.8 Hexes
 + Level 1.8 Summonings
 + Level 1.8 Necromancy
 + Level 1.8 Translocations
 + Level 1.8 Transmutations
 + Level 1.8 Fire Magic
 + Level 1.8 Ice Magic
 + Level 1.8 Air Magic
 + Level 1.8 Earth Magic
 + Level 1.8 Poison Magic
 + Level 2.5 Invocations
 + Level 2.2 Evocations


You had 9 spell levels left.
You didn't know any spells.
Your spell library was empty.

Dungeon Overview and Level Annotations

Branches:
Dungeon (4/15)
 Temple: D:4-7

Altars:
Qazlal
Uskayaw


Innate Abilities, Weirdness & Mutations

You have very sharp teeth.
Your uncanny sense of smell can sniff out nearby items.
Your experience applies equally to all skills.
You are partially covered in iridescent scales. (AC +2)
Armour fits poorly on your strangely shaped body.
You are robust. (+10% HP)


Message History

Found a stone staircase leading up.
You now have 172 gold pieces (gained 11).
MP restored: 9 A goblin comes into view.
It is wielding a +0 dagger.
You shoot an arrow. The goblin shouts!
The arrow hits the goblin but does no damage.
You shoot an arrow. The arrow hits the goblin!
You kill the goblin!
No target in view!
No target in view!
No target in view!
No target in view!
You now have 182 gold pieces (gained 10).
A kobold comes into view. It is wielding a +0 dagger.
You shoot an arrow. The arrow completely misses the kobold.
The kobold shouts!
You shoot an arrow. The arrow hits the kobold!
You kill the kobold!
No target in view!
No target in view!
No target in view!
Found an escape hatch in the floor.
There is a stone staircase leading down here.
You now have 193 gold pieces (gained 11).
You see here a +0 dagger.
s - 20 stones (gained 3)
You see here a +0 dagger. 2 orcs come into view.
An orc comes into view. It is wielding a +0 dagger.
You shoot an arrow. The arrow closely misses the orc.
The orc shouts! x3; You hear a shout!
You shoot an arrow.
The arrow hits the orc but does no damage.
An ogre comes into view. It is wielding a +0 giant club.
You shoot an arrow. The arrow hits the ogre.
You shoot an arrow. The arrow hits the ogre!
The ogre barely misses you. The orc misses you.
You shoot an arrow. The arrow completely misses the ogre.
The orc barely misses you.
You shoot an arrow. The arrow barely misses the ogre.
The ogre hits you with a +0 giant club!!
You take 26 damage, and have 30/56 hp.
MASSIVE DAMAGE!!
You are too injured to fight recklessly!
You are too injured to fight recklessly!
You are too injured to fight recklessly!
Fire: a) +0 shortbow
Aim: an ogre, wielding a +0 giant club (heavily wounded, 79% to hit)
You shoot an arrow. The arrow hits the ogre.
The ogre closely misses you.
Fire: a) +0 shortbow
Aim: an ogre, wielding a +0 giant club (severely wounded, 79% to hit)
You shoot an arrow. The arrow hits the ogre.
You hear a shout!
The ogre hits you with a +0 giant club!!
* * * LOW HITPOINT WARNING * * *
You take 20 damage, and have 11/56 hp.
MASSIVE DAMAGE!!
Fire: a) +0 shortbow
Aim: an ogre, wielding a +0 giant club (almost dead, 79% to hit)
You shoot an arrow. The arrow hits the ogre.
You kill the ogre!
Fire: a) +0 shortbow
Aim: an orc, wielding a +0 dagger and quivering boomerangs (67% to hit)
You shoot an arrow. The arrow closely misses the orc.
The arrow hits the orc but does no damage.
The orc hits you but does no damage.
An orc priest comes into view. It is wielding a +0 dagger.
The orc closely misses you.
Fire: a) +0 shortbow
Aim: an orc, wielding a +0 dagger and quivering boomerangs (67% to hit)
You shoot an arrow. The arrow hits the orc.
The orc hits you with a +0 dagger.
* * * LOW HITPOINT WARNING * * *
You take 4 damage, and have 8/56 hp.
Fire: a) +0 shortbow
Aim: an orc, wielding a +0 dagger and quivering boomerangs (moderately wounded, 67% to hit)
You shoot an arrow. The arrow hits the orc.
The orc misses you.
Unknown command.
It was a potion of might.
You feel very mighty all of a sudden. The orc barely misses you.
Fire: a) +0 shortbow
Aim: an orc, wielding a +0 dagger and quivering boomerangs (heavily wounded, 67% to hit)
You shoot an arrow. The arrow hits the orc!
You kill the orc!
Fire: a) +0 shortbow
Aim: an orc, wielding a +0 mace and wearing a +0 leather armour (67% to hit)
You shoot an arrow. The arrow closely misses the orc.
The arrow hits the orc.
The orc barely misses you.
Fire: a) +0 shortbow
Aim: an orc, wielding a +0 mace and wearing a +0 leather armour (67% to hit)
You shoot an arrow. The arrow closely misses the orc.
The arrow completely misses the orc.
The arrow hits the orc priest.
The orc priest mumbles some strange prayers to Beogh against you.
Beogh smites you!
You die...

. .# .# .# # .###.
########## ....
.........# .o#
########.##########..#
..))............@ooo.#
#######..####.######.#
#..# #.# # #..# #.#
#..# #.# ...# #.# ∆
##### #.# #.# #.#


You could see an orc priest and 2 orcs.

Vanquished Creatures
  An ogre (D:4)
  A necrophage (D:4)
  A hound (D:2)
  An orc priest (D:3)
  An orc wizard (D:3)
  Natasha (thrice) (D:3)
  4 adders (D:3)
  3 worms (D:2)
  2 dart slugs
  5 orcs
  A ball python (D:2)
  5 endoplasms
  A giant cockroach (D:3)
  5 goblins
  4 hobgoblins
  7 jackals
  7 kobolds
  2 quokkas
  3 bats
  A frilled lizard (D:1)
  A rat (D:1)
59 creatures vanquished.

Vanquished Creatures (others)
  8 demonic plants (D:2)
  4 fungi (D:2)
  4 plants (D:2)
  5 withered plants (D:2)
21 creatures vanquished.

Grand Total: 80 creatures vanquished

Notes
Turn   | Place    | Note
-------+----------+-------------------------------------------
     0 | D:1      | OTABOTABOTAB the Gnoll Hunter began the quest for the Orb.
     0 | D:1      | Reached XP level 1. HP: 20/20 MP: 1/1
   180 | D:1      | Reached XP level 2. HP: 26/26 MP: 2/2
   797 | D:2      | Reached XP level 3. HP: 31/31 MP: 3/3
   916 | D:2      | Reached skill level 1 in Invocations
   957 | D:2      | Reached skill level 1 in Short Blades
   957 | D:2      | Reached skill level 1 in Long Blades
   957 | D:2      | Reached skill level 1 in Axes
   957 | D:2      | Reached skill level 1 in Maces & Flails
   957 | D:2      | Reached skill level 1 in Polearms
   957 | D:2      | Reached skill level 1 in Staves
   957 | D:2      | Reached skill level 1 in Throwing
   957 | D:2      | Reached skill level 1 in Armour
   957 | D:2      | Reached skill level 1 in Shields
   957 | D:2      | Reached skill level 1 in Unarmed Combat
   957 | D:2      | Reached skill level 1 in Spellcasting
   957 | D:2      | Reached skill level 1 in Evocations
   957 | D:2      | Reached XP level 4. HP: 38/38 MP: 5/5
  1130 | D:2      | Found a hide-covered altar of Uskayaw.
  1175 | D:2      | Found a faded altar of an unknown god.
  1367 | D:3      | Reached skill level 1 in Conjurations
  1367 | D:3      | Reached skill level 1 in Hexes
  1367 | D:3      | Reached skill level 1 in Summonings
  1367 | D:3      | Reached skill level 1 in Necromancy
  1367 | D:3      | Reached skill level 1 in Translocations
  1367 | D:3      | Reached skill level 1 in Transmutations
  1367 | D:3      | Reached skill level 1 in Fire Magic
  1367 | D:3      | Reached skill level 1 in Ice Magic
  1367 | D:3      | Reached skill level 1 in Air Magic
  1367 | D:3      | Reached skill level 1 in Earth Magic
  1367 | D:3      | Reached skill level 1 in Poison Magic
  1639 | D:3      | HP: 7/38 [orc priest/nerve-wracking pain (13)]
  1645 | D:3      | HP: 8/38 [orc/+0 club (1)]
  1646 | D:3      | Reached XP level 5. HP: 9/43 MP: 5/7
  1651 | D:3      | HP: 6/43 [something (1)]
  1652 | D:3      | Gained mutation: Armour fits poorly on your strangely
                  | shaped body. [potion of mutation]
  1652 | D:3      | Gained mutation: You are robust. (+10% HP) [potion of
                  | mutation]
  1652 | D:3      | Gained mutation: You are partially covered in iridescent
                  | scales. (AC +2) [potion of mutation]
  1654 | D:3      | HP: 1/47 [something/puff of flame (5)]
  2480 | D:3      | Found a stormy altar of Qazlal.
  2620 | D:3      | Noticed Natasha
  2625 | D:3      | Killed Natasha
  2626 | D:3      | Reached skill level 3 in Stealth
  2626 | D:3      | Reached skill level 2 in Invocations
  2722 | D:3      | Noticed Natasha
  2730 | D:3      | Killed Natasha
  2731 | D:3      | Reached XP level 6. HP: 39/55 MP: 8/8
  2847 | D:3      | Noticed Natasha
  2858 | D:3      | Killed Natasha
  2859 | D:3      | Reached skill level 5 in Fighting
  2859 | D:3      | Reached skill level 5 in Dodging
  2899 | D:4      | Reached skill level 2 in Short Blades
  2899 | D:4      | Reached skill level 2 in Long Blades
  2899 | D:4      | Reached skill level 2 in Axes
  2899 | D:4      | Reached skill level 2 in Maces & Flails
  2899 | D:4      | Reached skill level 2 in Polearms
  2899 | D:4      | Reached skill level 2 in Staves
  2899 | D:4      | Reached skill level 2 in Throwing
  2899 | D:4      | Reached skill level 2 in Armour
  2899 | D:4      | Reached skill level 2 in Shields
  2899 | D:4      | Reached skill level 2 in Unarmed Combat
  2899 | D:4      | Reached skill level 2 in Spellcasting
  2899 | D:4      | Reached skill level 2 in Evocations
  2965 | D:4      | HP: 11/56 [ogre/+0 giant club (20)]
  2973 | D:4      | Killed from afar by an orc priest

Illustrated notes

Levels and vault maps discovered:
D:1:      psy_arrival_radial01, layout_basic
D:2:      layout_basic, basic_altar, shapermc_ecumenical_altar_gd
D:3:      layout_basic, marbit_many_paths, uniq_natasha
D:4:      layout_loops_ring, uniq_menkaure, uniq_ijyb

Skill      XL: |  1  2  3  4  5  6 |
---------------+-------------------+-----
Invocations    | 1 2 |  2.5
Short Blades   | 1 2 |  2.2
Long Blades    | 1 2 |  2.2
Axes           | 1 2 |  2.2
Maces & Flails | 1 2 |  2.2
Polearms       | 1 2 |  2.2
Staves         | 1 2 |  2.2
Throwing       | 1 2 |  2.2
Armour         | 1 2 |  2.2
Shields        | 1 2 |  2.2
Unarmed Combat | 1 2 |  2.2
Spellcasting   | 1 2 |  2.2
Evocations     | 1 2 |  2.2
Conjurations   | 1 |  1.8
Hexes          | 1 |  1.8
Summonings     | 1 |  1.8
Necromancy     | 1 |  1.8
Translocations | 1 |  1.8
Transmutations | 1 |  1.8
Fire Magic     | 1 |  1.8
Ice Magic      | 1 |  1.8
Air Magic      | 1 |  1.8
Earth Magic    | 1 |  1.8
Poison Magic   | 1 |  1.8
Stealth        | 3 |  3.3
Fighting       | 5 |  5.1
Dodging        | 5 |  5.1
Ranged Weapons | |  8.8

Action                   |  1- 3 |  4- 6 || total
-------------------------+-------+-------++-------
Melee: Shortbow          |       |     2 ||     2
 Fire: Shortbow          |    51 |   141 ||   192
  Use: Potion            |       |     4 ||     4
Armor: Leather armour    |     1 |    21 ||    22
Dodge: Dodged            |     4 |    57 ||    61

Table legend: (Time is in decaauts)
 A = Elapsed time spent in this place.
 B = Non-inter-level travel time spent in this place.
 C = Inter-level travel time spent in this place.
 D = Time resting spent in this place.
 E = Time spent auto-exploring this place.
 F = Levels seen in this place.
 G = Mean time per level.
                   A        B        C        D        E       F      G
               +--------+--------+--------+--------+--------+-----+--------+
         Total |   2996 |   2824 |    172 |    266 |   2228 |   4 |  749.0 |
       Dungeon |   2996 |   2824 |    172 |    266 |   2228 |   4 |  749.0 |
               +--------+--------+--------+--------+--------+-----+--------+

Top non-repeatable levels by time:
     D:3: 1532 daAuts
     D:1: 723 daAuts
     D:2: 647 daAuts
     D:4: 92 daAuts

Table legend:
 A = Kills in this place as a percentage of kills in entire the game.
 B = Kills by you in this place as a percentage of kills by you in the entire game.
 C = Kills by friends in this place as a percentage of kills by friends in the entire game.
 D = Other kills in this place as a percentage of other kills in the entire game.
 E = Experience gained in this place as a percentage of experience gained in the entire game.
 F = Experience gained in this place divided by the number of levels of this place that you have seen.
                   A       B       C       D       E      F
               +-------+-------+-------+-------+-------+----------------------
         Total | 100.0 | 100.0 |   N/A |   N/A | 100.0 | 146.5
       Dungeon | 100.0 | 100.0 |   N/A |   N/A | 100.0 | 146.5
               +-------+-------+-------+-------+-------+----------------------
